 Dungeon Crawl Stone Soup version 0.26.0-18-gc5c842f807 (webtiles) character file.

Game seed: 7943194056829238787

732 thiole the Sneak (level 7, 0/41 HPs)
             Began as an Octopode Hedge Wizard on Jan 22, 2021.
             Was an Initiate of Gozag.
             Slain by Grinder (3 damage)
             ... on level 5 of the Dungeon.
             The game lasted 00:12:31 (6297 turns).

thiole the Sneak (Octopode Hedge Wizard)            Turns: 6297, Time: 00:12:32

Health: 0/41       AC:  8    Str:  9    XL:     7   Next: 73%
Magic:  8/13       EV: 14    Int: 19    God:    Gozag
Gold:   341        SH:  0    Dex: 17    Spells: 7/14 levels left

rFire    x . .     SeeInvis .   u - +0 dagger (protect)
rCold    + . .     Faith    .   (no shield)
rNeg     . . .     Spirit   .   b - +0 hat
rPois    .         Reflect  .   (no amulet)
rElec    .         Harm     .   f - ring of ice
rCorr    .         Rampage  .   n - +6 ring of dexterity
Will     .....                  (no ring)
Stlth    ++++......             (no ring)
HPRegen  0.13/turn              (no ring)
MPRegen  0.13/turn              (no ring)
                                (no ring)
                                (no ring)

@: protection aura, frozen ramparts, studying Staves
A: almost no armour, stealthy swim, amphibious, 8 rings, constrict 8, camouflage
1, gelatinous body 1
a: Renounce Religion, Potion Petition, Call Merchant, Bribe Branch


You were on level 5 of the Dungeon.
You worshipped Gozag.
Gozag was aware of your devotion.
You visited 2 branches of the dungeon, and saw 6 of its levels.

You collected 397 gold pieces.
You paid 56 gold pieces to Gozag.

Inventory:

Hand Weapons
 a - a +0 dagger
 o - a cursed -2 war axe
 u - a +0 dagger of protection (weapon)
Armour
 b - a +0 hat (worn)
Jewellery
 f - a ring of ice (left tentacle)
 n - a +6 ring of dexterity (right tentacle)
Scrolls
 c - a scroll of enchant weapon {unknown}
 h - a scroll of blinking {unknown}
 i - a scroll of enchant armour {unknown}
 j - a scroll of immolation {unknown}
 k - 3 scrolls of remove curse
 p - a scroll of teleportation
 r - a scroll of amnesia {unknown}
 s - a scroll of fear {unknown}
 t - a scroll of identify
Potions
 d - 2 potions of brilliance
 e - a potion of flight
 g - a potion of curing
 l - a potion of lignification
 m - a potion of mutation {unknown}
Books
 q - a manual of Staves


   Skills:
 + Level 3.2 Staves
 - Level 2.0 Dodging
 + Level 5.9 Stealth
 + Level 4.4 Spellcasting
 - Level 2.0 Conjurations
 - Level 2.0 Summonings
 - Level 1.0 Translocations
 - Level 4.0 Ice Magic
 + Level 2.9 Air Magic


You had 7 spell levels left.
You knew the following spells:

 Your Spells              Type           Power        Failure   Level
a - Magic Dart            Conj           44%          6%          1
b - Frozen Ramparts       Ice            58%          8%          3
c - Mephitic Cloud        Conj/Pois/Air  10%          21%         3

Your spell library contained the following spells:

 Spells                   Type           Power        Failure   Level
 Freeze                   Ice            100%         2%          1
 Ozocubu's Armour         Ice            29%          8%          3
 Call Imp                 Summ           11%          9%          2
 Blink                    Tloc           N/A          13%         2
 Slow                     Hex            4%           21%         2
 Conjure Flame            Conj/Fire      8%           26%         3
 Hailstorm                Conj/Ice       23%          36%         4
 Summon Ice Beast         Ice/Summ       23%          36%         4


Dungeon Overview and Level Annotations

Branches:
Dungeon (5/15)             Temple (1/1) D:4

Altars:
Ashenzari
Cheibriados
Dithmenos
Elyvilon
Fedhas
Gozag
Kikubaaqudgha
Makhleb
Nemelex Xobeh
Qazlal
Ru
Sif Muna
Trog
Uskayaw
Vehumet
Wu Jian
Xom
Yredelemnul
Zin
The Shining One

Annotations:
D:5 Grinder


Innate Abilities, Weirdness & Mutations

You cannot wear most types of armour.
You are very stealthy in the water. (Stealth+)
You are amphibious.
You can wear up to eight rings at the same time.
You can use your tentacles to constrict eight enemies at once.
Your skin changes colour to match your surroundings (Stealth+).
Your rubbery body absorbs attacks. (AC +1, EV +1)


Message History

Grinder gestures at you. Pain shoots through your body!
The ice beast completely resists.
The wall freezes the ice beast but does no damage.
The ice beast hits you but does no damage.
Grinder completely resists.
The wall freezes Grinder but does no damage.
Grinder hits you.
You writhe in agony.
You can move again.
You hit the ice beast but do no damage. You squeeze the ice beast.
The ice beast is almost dead.
The ice beast completely resists.
The wall freezes the ice beast but does no damage.
The ice beast misses you.
Grinder completely resists.
The wall freezes Grinder but does no damage.
Grinder hits you!
* * * LOW HITPOINT WARNING * * *
You writhe in agony.
You die...
Your body crumbles into a pile of gold.

#.# #.# #.#
#.# ##.###.#
#...##.#
#...##.#
#...##.# $
##.###.# #
#.###.####....
#.....@Y......
#####5####.###
#..# ##.# .#
.# .# .# .#


You could see Grinder and an ice beast.

Vanquished Creatures
  A water moccasin (D:5)
  An ogre (D:4)
  A scorpion (D:4)
  2 howler monkeys (D:4)
  An orc priest (D:4)
  2 orc wizards (D:4)
  A bullfrog skeleton (D:4)
  2 iguanas (D:4)
  2 worker ants (D:4)
  A hound skeleton (D:4)
  Robin (D:3)
  6 adders
  2 oozes
  6 worms
  4 dart slugs
  3 leopard geckos (D:4)
  12 orcs
  5 giant cockroaches
  12 goblins
  6 hobgoblins
  4 jackals
  2 quokkas
  2 ball pythons
  9 bats
  4 frilled lizards
  8 kobolds
  4 rats
104 creatures vanquished.

Notes
Turn   | Place    | Note
-------+----------+-------------------------------------------
     0 | D:1      | thiole the Octopode Hedge Wizard began the quest for the
                  | Orb.
     0 | D:1      | Reached XP level 1. HP: 11/11 MP: 4/4
   183 | D:1      | Reached skill level 3 in Stealth
   183 | D:1      | Reached XP level 2. HP: 17/17 MP: 0/6
   895 | D:1      | Reached XP level 3. HP: 21/21 MP: 1/7
  1379 | D:2      | Learned a level 3 spell: Frozen Ramparts
  1383 | D:2      | Learned a level 3 spell: Mephitic Cloud
  1461 | D:2      | HP: 1/21 [poisoned by an adder]
  1467 | D:2      | HP: 1/21 [poisoned by an adder]
  2107 | D:2      | Reached XP level 4. HP: 27/27 MP: 2/9
  2765 | D:3      | Reached skill level 1 in Ice Magic
  3414 | D:3      | Noticed Robin
  3431 | D:3      | Killed Robin
  3432 | D:3      | Reached skill level 4 in Stealth
  3446 | D:3      | Reached XP level 5. HP: 9/31 MP: 3/10
  3734 | D:3      | Reached skill level 1 in Air Magic
  4453 | D:4      | Found a staircase to the Ecumenical Temple.
  4461 | Temple   | Entered the Ecumenical Temple
  4575 | Temple   | Became a worshipper of Gozag Ym Sagoz the Greedy
  4716 | D:4      | Reached XP level 6. HP: 35/36 MP: 4/11
  5044 | D:4      | Reached skill level 1 in Staves
  5284 | D:4      | Reached skill level 5 in Stealth
  5299 | D:4      | Reached XP level 7. HP: 23/41 MP: 10/13
  6244 | D:5      | Entered Level 5 of the Dungeon
  6289 | D:5      | Noticed Grinder
  6294 | D:5      | Paralysed by Grinder for 3 turns
  6297 | D:5      | Slain by Grinder

Illustrated notes

Levels and vault maps discovered:
D:1:      dpeg_arrival_shelter, layout_loops_corners, serial_forest,
          infiniplex_forest_clump_cross, infiniplex_forest_clump_C,
          infiniplex_forest_clump_double, infiniplex_forest_corner_2,
          infiniplex_forest_clump_medium, infiniplex_forest_lined_1,
          infiniplex_forest_zigzag_1, infiniplex_forest_lined_2,
          infiniplex_forest_diagonal, minivault_26, dk_noncrumbling_4
D:2:      layout_basic
D:3:      layout_loops_cross, uniq_robin
D:4:      minmay_angry_zag, layout_cave_pods, minmay_temple_entry_ruins,
          minmay_manual_mail
D:5:      layout_loops_ring, serial_shops, nicolae_shop_behind_doors,
          minmay_misc_feat_nine_boxes, item_on_display_a, uniq_grinder
Temple:   regret_index_temple_chain_breaker

Skill      XL: |  1  2  3  4  5  6  7 |
---------------+----------------------+-----
Stealth        | 3 4 5 |  5.9
Summonings     | 2 |  2.0
Conjurations   | 2 |  2.0
Ice Magic      | 1 2 3 4 |  4.0
Air Magic      | 1 2 |  2.9
Staves         | 2 3 |  3.2
Spellcasting   | 4 |  4.4
Dodging        | |  2.0
Translocations | |  1.0

Action                   |  1- 3 |  4- 6 |  7- 9 || total
-------------------------+-------+-------+-------++-------
Melee: Dagger            |    34 |   116 |    51 ||   201
       Constrict         |    10 |    30 |     7 ||    47
       Tentacles         |     8 |    27 |    13 ||    48
 Cast: Magic Dart        |    63 |   135 |    31 ||   229
       Frozen Ramparts   |     1 |     2 |     4 ||     7
       Mephitic Cloud    |       |       |     1 ||     1
  Use: Scroll            |     2 |     4 |     2 ||     8
       Potion            |     2 |       |       ||     2
 Stab: Sleeping          |     1 |     3 |       ||     4
Armor: Skin              |     3 |     7 |    14 ||    24
Dodge: Dodged            |    24 |    74 |    26 ||   124
